 Dungeon Crawl Stone Soup version 0.23-a0-516-g0f8c245 (webtiles) character file.

93 theanonym the Skirmisher (level 4, -2/34 HPs)
             Began as a Mummy Enchanter on Dec 5, 2018.
             Slain by a gnoll
             ... wielding a +0 club
              (4 damage)
             ... on level 1 of the Dungeon.
             The game lasted 00:03:08 (2329 turns).

theanonym the Skirmisher (Mummy Enchanter)          Turns: 2329, Time: 00:03:09

Health: -2/34      AC:  7    Str: 12    XL:     4   Next: 37%
Magic:  8/8        EV: 10    Int: 14    God:
Gold:   11         SH:  0    Dex: 12    Spells: 7/8 levels left

rFire    x . .     SeeInvis .   a - +1 dagger
rCold    + . .     Gourm    .   (no shield)
rNeg     + + +     Faith    .   g - +0 ring mail
rPois    ∞         Spirit   .   (no helmet)
rElec    .         Reflect  .   k - +1 cloak
rCorr    .         Harm     .   (no gloves)
MR       .....                  (no boots)
Stlth    +.........             l - amulet of the acrobat
HPRegen  0.11/turn              (no ring)
MPRegen  0.11/turn              (no ring)

@: no status effects
A: no food or potions, fire vulnerability, cold resistance 1, negative energy
resistance 3, torment resistance, unbreathing
a: no special abilities


Innate Abilities, Weirdness & Mutations

You do not eat or drink.
Your flesh is vulnerable to fire.
You are immune to poison.
Your flesh is cold resistant. (rC+)
You are immune to negative energy. (rN+++)
You are immune to unholy pain and torment.
You can survive without breathing.


   Skills:
 + Level 2.7 Fighting
 - Level 0.7 Short Blades
 + Level 2.2 Armour
 - Level 1.5 Dodging
 - Level 2.4 Stealth
 - Level 2.6 Spellcasting
 - Level 2.6 Hexes


You had 7 spell levels left.
You knew the following spells:

 Your Spells              Type           Power        Failure   Level  Hunger
a - Corona                Hex            #......      16%         1    N/A

Your spell library contained the following spells:

 Spells                   Type           Power        Failure   Level  Hunger
 Ensorcelled Hibernation  Hex/Ice        #.....       38%         2    N/A
 Confuse                  Hex            #.......     43%         3    N/A
 Tukima's Dance           Hex            #.......     43%         3    N/A
 Dazzling Spray           Conj/Hex       #.....       63%         3    N/A

Skill      XL: |  1  2  3 |
---------------+----------+-----
Fighting       | 1 2 |  2.7
Armour         | 1 2 |  2.2
Short Blades   | |  0.7
Dodging        | |  1.5
Stealth        | |  2.4
Spellcasting   | |  2.6
Hexes          | |  2.6

Action                   |  1- 3 |  4- 6 || total
-------------------------+-------+-------++-------
Melee: Dagger            |   237 |    64 ||   301
  Use: Scroll            |     2 |       ||     2
 Stab: Sleeping          |     1 |       ||     1
Armor: Leather armour    |    23 |       ||    23
       Ring mail         |    68 |    28 ||    96
Dodge: Dodged            |   145 |    50 ||   195

Inventory:

Hand Weapons
 a - a +1 dagger (weapon)
Missiles
 h - 42 arrows
 i - 24 bolts
 j - 8 javelins (quivered)
Armour
 b - a +0 robe
 c - a +0 leather armour
   (You found it on level 1 of the Dungeon)
 g - a +0 ring mail (worn)
   (You took it off a goblin on level 1 of the Dungeon)
 k - a +1 cloak (worn)
   (You found it on level 2 of the Dungeon)
Jewellery
 l - an amulet of the acrobat (around neck)
   (You found it on level 2 of the Dungeon)
Scrolls
 d - a scroll of immolation
 e - a scroll of enchant weapon {unknown}
 t - 2 scrolls of teleportation {!r}


You were on level 1 of the Dungeon.
You were not hungry.

You visited 1 branch of the dungeon, and saw 2 of its levels.

You collected 11 gold pieces.

Dungeon Overview and Level Annotations

Branches:
Dungeon (2/15)

Altars:

#.# #.#..†.......# #
###.####.###.##(#######
#............##........
#.#!..##.######.#######
#.#...##.## ##+##
#.#.......# ##...##
#.#.......###..)..##
#.##.)#...##.......##
#....)@...#.........###
##...?.g..'.........'..
#.#...##.#.........###
#.##.###.##.......##
#.##!....###..)..##
#.######## ##...## #.#
##'## #.# #.# #.#
#.#######


You could see a gnoll.

Notes
Turn   | Place    | Note
-------+----------+-------------------------------------------
     0 | D:1      | theanonym the Mummy Enchanter began the quest for the Orb.
     0 | D:1      | Reached XP level 1. HP: 13/13 MP: 4/4
   191 | D:1      | Reached skill level 1 in Fighting
   191 | D:1      | Reached XP level 2. HP: 17/21 MP: 5/5
   195 | D:1      | Reached skill level 1 in Armour
   483 | D:1      | HP: 10/21 [jackal (2)]
   490 | D:1      | HP: 8/21 [jackal (2)]
   761 | D:1      | HP: 10/21 [something (2)]
  1192 | D:1      | Reached XP level 3. HP: 27/27 MP: 7/7
  1569 | D:2      | Reached skill level 2 in Fighting
  2033 | D:2      | Reached skill level 2 in Armour
  2112 | D:2      | Reached XP level 4. HP: 33/34 MP: 8/8
  2316 | D:1      | HP: 15/34 [gnoll/+0 club (3)]
  2321 | D:1      | HP: 6/34 [gnoll/+0 club (6)]
  2325 | D:1      | HP: 2/34 [gnoll/+0 club (2)]
  2329 | D:1      | Slain by a gnoll

Vanquished Creatures
  A gnoll (D:1)
  2 adders (D:2)
  An ooze (D:1)
  3 dart slugs (D:2)
  A leopard gecko (D:2)
  9 goblins
  9 hobgoblins
  7 jackals
  4 kobolds
  A quokka (D:2)
  3 bats
  5 frilled lizards (D:1)
  5 rats
51 creatures vanquished.

Vanquished Creatures (others)
  A bat (D:2)
1 creature vanquished.

Grand Total: 52 creatures vanquished

Table legend:
 A = Turns spent in this place as a percentage of turns spent in the entire game.
 B = Non-inter-level travel turns spent in this place as a percentage of non-inter-level travel turns spent in the entire game.
 C = Inter-level travel turns spent in this place as a percentage of turns spent in this place.
 D = Turns resting spent in this place as a percentage of non-inter-level travel turns spent in this place.
 E = Turns spent auto-exploring this place as a percentage of non-inter-level travel turns spent in this place.
 F = Non-inter-level travel turns spent in this place divided by the number of levels of this place that you've seen.
                   A       B       C       D       E      F
               +-------+-------+-------+-------+-------+----------------------
         Total | 100.0 | 100.0 |   5.8 |  39.5 |  32.9 | 1097.0
       Dungeon | 100.0 | 100.0 |   5.8 |  39.5 |  32.9 | 1097.0
               +-------+-------+-------+-------+-------+----------------------
